 Dungeon Crawl Stone Soup version 0.31-a0-1204-ge2c1a860ed (webtiles) character file.

Game seed: 6622731254551244943

66 hikkokomori the Digger (level 4, -1/26 HPs)
             Began as a Gargoyle Earth Elementalist on Dec 12, 2023.
             Slain by a centaur (4 damage)
             ... on level 5 of the Dungeon.
             The game lasted 00:02:17 (1720 turns).

hikkokomori the Digger (GrEE)                       Turns: 1720, Time: 00:02:18

Health: -1/26      AC:  5    Str: 11    XL:     4   Next: 15%
Magic:  2/7        EV: 11    Int: 18    God:
Gold:   217        SH:  0    Dex: 10    Spells: 7/8 levels left

rFire   . . .        i - +2 short sword (venom)
rCold   . . .        (no shield)
rNeg    + . .        a - +0 robe
rPois   ∞            (no helmet)
rElec   +            (no cloak)
rCorr   .            (no gloves)
SInv    .            (no boots)
Will    .....        (no amulet)
Stlth   ++           (no ring)
HPRegen 0.24/turn    (no ring)
MPRegen 0.10/turn

%: no passive effects
@: no status effects
A: sickness immunity, AC +3, negative energy resistance 1, electricity
resistance, torment resistance 1, petrification resistance
a: no special abilities


You were on level 5 of the Dungeon.
You visited 1 branch of the dungeon, and saw 4 of its levels.

You collected 217 gold pieces.

Inventory:

Hand Weapons
 i - a +2 short sword of venom (weapon)
Missiles
 d - a throwing net
Armour
 a - a +0 robe (worn)
Jewellery
 l - a +4 ring of slaying
Scrolls
 e - a scroll of enchant weapon {unknown}
 f - 3 scrolls of revelation {unknown}
 g - 4 scrolls of identify {unknown}
 m - a scroll of teleportation {unknown}
Potions
 b - a potion of magic
 c - a potion of invisibility {unknown}
 h - a potion of ambrosia {unknown}
 j - a potion of curing {unknown}
 k - a potion of degeneration {unknown}


   Skills:
 + Level 1.7 Fighting
 - Level 1.5 Dodging
 + Level 3.2 Stealth
 + Level 2.6 Spellcasting
 - Level 0.7 Transmutations
 + Level 4.2 Earth Magic


You had 7 spell levels left.
You knew the following spells:

 Your Spells              Type           Power      Damage    Failure   Level
a - Sandblast             Erth           34%        2d9       3%          1

Your spell library contained the following spells:

 Spells                   Type           Power      Damage    Failure   Level
 Passwall                 Tmut/Erth      9%         N/A       10%         2
 Stone Arrow              Conj/Erth      20%        3d8       22%         3
 Petrify                  Tmut/Erth      11%        N/A       52%         4
 Brom's Barrelling Bould  Conj/Erth      10%        2d3       56%         4


Dungeon Overview and Level Annotations

Branches:
Dungeon (3/15)

Altars:
Elyvilon


Innate Abilities, Weirdness & Mutations

You are immune to sickness and miasma.
Your stone body is resilient. (AC +3)
You are immune to poison.
You resist negative energy. (rN+)
You are resistant to electric shocks. (rElec)
You are resistant to unholy torment.
You are immune to petrification.


Message History

Aim: a centaur (89% to hit)
The blast of sand hits the centaur.
The centaur is lightly wounded.
The centaur hits you but does no damage.
The centaur kicks you but does no damage.
The centaur hits you but does no damage.
The centaur kicks you.
Casting: Sandblast (safe; 3% risk of failure)
Confirm with . or Enter, or press ? or * to list all spells.
Aiming: Sandblast (safe; 3% risk of failure)
Press: ? - help, Shift-Dir - straight line, f/p - centaur
Aim: a centaur (lightly wounded, 89% to hit)
The blast of sand hits the centaur.
The centaur is lightly wounded.
The centaur hits you. The centaur kicks you. The centaur hits you.
The centaur barely misses you.
Casting: Sandblast (safe; 3% risk of failure)
Confirm with . or Enter, or press ? or * to list all spells.
Aiming: Sandblast (safe; 3% risk of failure)
Press: ? - help, Shift-Dir - straight line, f/p - centaur
Aim: a centaur (lightly wounded, 89% to hit)
The blast of sand hits the centaur!
The centaur is heavily wounded.
The centaur hits you but does no damage.
The centaur kicks you.
* * * LOW HITPOINT WARNING * * *
The centaur closely misses you.
The centaur kicks you but does no damage.
Casting: Sandblast (safe; 3% risk of failure)
Confirm with . or Enter, or press ? or * to list all spells.
Aiming: Sandblast (safe; 3% risk of failure)
Press: ? - help, Shift-Dir - straight line, f/p - centaur
Aim: a centaur (heavily wounded, 89% to hit)
The blast of sand misses the centaur.
The centaur closely misses you. The centaur kicks you.
* * * LOW HITPOINT WARNING * * *
The centaur misses you. The centaur kicks you.
* * * LOW HITPOINT WARNING * * *
The centaur hits you.
You die...

............
........c...
............
..........#.##
.........##..#
.........##/.# .
.........##..####...
..........##@..<....
...........c........
.....#####..####....
...# #..# ... ..
#....# . . #......#
#.........
#...........
...........#


You could see a centaur.

Vanquished Creatures
  2 adders (D:2)
  2 dart slugs
  3 ball pythons (D:1)
  4 bats
  An endoplasm (D:1)
  2 giant cockroaches
  2 goblins
  5 hobgoblins
  8 jackals
  A quokka (D:5)
  A frilled lizard (D:1)
  5 kobolds
  5 rats
41 creatures vanquished.

Notes
Turn   | Place    | Note
-------+----------+-------------------------------------------
     0 | D:1      | hikkokomori the Gargoyle Earth Elementalist began the quest
                  | for the Orb.
     0 | D:1      | Reached XP level 1. HP: 10/10 MP: 3/3
    98 | D:1      | Reached XP level 2. HP: 13/16 MP: 0/5
   361 | D:1      | Reached skill level 1 in Fighting
   446 | D:1      | Reached skill level 4 in Earth Magic
   531 | D:1      | Reached XP level 3. HP: 20/20 MP: 4/6
  1432 | D:2      | Reached XP level 4. HP: 25/25 MP: 5/7
  1520 | D:3      | Found a white marble altar of Elyvilon.
  1706 | D:3      | You fall into a shaft and drop 2 floors!
  1706 | D:5      | Entered Level 5 of the Dungeon
  1709 | D:5      | Noticed a centaur
  1720 | D:5      | Slain by a centaur

Illustrated notes

Levels and vault maps discovered:
D:1:      matt_arrival_grand_opening, layout_rooms, chequers_big_river
D:2:      layout_basic, chequers_serial_rivers_micro_b
D:3:      layout_rooms, old_standard_altar, slow_altar_2,
          chequers_serial_rivers_micro_d
D:5:      layout_layer_cave, hellmonk_sif_muna_bookshelves,
          minmay_temple_entry_gardened_gates

Skill      XL: |  1  2  3 |
---------------+----------+-----
Fighting       | 1 |  1.7
Earth Magic    | 4 |  4.2
Stealth        | 3 |  3.2
Dodging        | |  1.5
Spellcasting   | |  2.6
Transmutations | |  0.7

Action                     |  1- 3 |  4- 6 || total
---------------------------+-------+-------++-------
  Melee: Unarmed           |    20 |       ||    20
   Cast: Sandblast         |    42 |    12 ||    54
 Armour: Robe              |    24 |    16 ||    40
  Dodge: Dodged            |    23 |     7 ||    30

Table legend: (Time is in decaauts)
 A = Elapsed time spent in this place.
 B = Non-inter-level travel time spent in this place.
 C = Inter-level travel time spent in this place.
 D = Time resting spent in this place.
 E = Time spent auto-exploring this place.
 F = Levels seen in this place.
 G = Mean time per level.
                   A        B        C        D        E       F      G
               +--------+--------+--------+--------+--------+-----+--------+
         Total |   1759 |   1702 |     57 |      0 |   1430 |   4 |  439.8 |
       Dungeon |   1759 |   1702 |     57 |      0 |   1430 |   4 |  439.8 |
               +--------+--------+--------+--------+--------+-----+--------+

Top non-repeatable levels by time:
     D:1: 946 daAuts
     D:2: 608 daAuts
     D:3: 188 daAuts
     D:5: 16 daAuts
